 Dungeon Crawl Stone Soup version 0.28.0 (webtiles) character file.

Game seed: 11786401506727162766

5626 crazypyro the Geomancer (level 10, -1/56 HPs)
             Began as a Gargoyle Earth Elementalist on Feb 7, 2022.
             Was a Believer of Vehumet.
             Slain by a yak (9 damage)
             ... on level 9 of the Dungeon.
             The game lasted 00:19:17 (10807 turns).

crazypyro the Geomancer (GrEE)                     Turns: 10807, Time: 00:19:17

Health: -1/56      AC:  9    Str: 11    XL:     10   Next: 74%
Magic:  0/18       EV: 14    Int: 21    God:    Vehumet [**....]
Gold:   519        SH:  0    Dex: 14    Spells: 14/19 levels left

rFire   . . .      SeeInvis +   p - +11 great sword of Beyond {chaos, Dex+4}
rCold   . . .      Faith    .   (shield currently unavailable)
rNeg    + . .      Spirit   .   b - +0 robe
rPois   ∞          Reflect  .   (no helmet)
rElec   +          Harm     .   (no cloak)
rCorr   .          Rampage  .   (no gloves)
Will    +....                   (no boots)
Stlth   ++........              (no amulet)
HPRegen 0.18/turn               k - ring of willpower
MPRegen 0.16/turn               m - ring of see invisible

@: no status effects
A: sickness immunity, AC +7, negative energy resistance 1, electricity
resistance, torment resistance 1, petrification resistance
a: Renounce Religion


You were on level 9 of the Dungeon.
You worshipped Vehumet.
Vehumet was pleased with you.
You visited 2 branches of the dungeon, and saw 10 of its levels.
You also visited: Bailey.

You collected 519 gold pieces.

Inventory:

Hand Weapons
 a - a +0 whip
 g - a +5 hand axe of venom
 p - the +11 great sword of Beyond (weapon) {chaos, Dex+4}
   (You found it on level 3 of the Dungeon)

   Each time it hits an enemy it has a different, random effect.
   Dex:       It affects your dexterity (+4).
Missiles
 s - 104 stones
Armour
 b - a +0 robe (worn)
Jewellery
 k - a ring of willpower (left hand)
 m - a ring of see invisible (right hand)
 q - a ring of ice
 x - a ring of resist corrosion
 D - a ring of protection from fire
Wands
 d - a wand of acid (8)
 t - a wand of flame (38)
 y - a wand of mindburst (16)
 B - a wand of charming (8)
Scrolls
 e - a scroll of fog
 f - a scroll of fear
 h - 4 scrolls of teleportation
 j - a scroll of holy word {unknown}
 v - 2 scrolls of enchant weapon
 C - a scroll of brand weapon
Potions
 c - 4 potions of curing
 i - a potion of might
 l - a potion of haste
 n - a potion of mutation
 o - 5 potions of heal wounds
 r - a potion of brilliance
 u - 2 potions of resistance
 w - a potion of magic {unknown}
 z - a potion of ambrosia {unknown}
 A - 2 potions of cancellation
Miscellaneous
 E - a phantom mirror


   Skills:
 - Level 4.0 Fighting
 + Level 4.3 Long Blades
 + Level 7.1 Armour
 + Level 6.4 Dodging
 - Level 2.2 Stealth
 + Level 5.4 Spellcasting
 + Level 5.8 Conjurations
 - Level 1.1 Transmutations
 + Level 12.4 Earth Magic


You had 14 spell levels left.
You knew the following spells:

 Your Spells              Type           Power      Damage    Failure   Level
a - Sandblast             Erth           100%       2d20      1%          1
b - Magic Dart            Conj           100%       1d8       1%          1
c - Stone Arrow           Conj/Erth      88%        3d12      1%          3

Your spell library contained the following spells:

 Spells                   Type           Power      Damage    Failure   Level
 Static Discharge         Conj/Air       18%        N/A       4%          2
 Passwall                 Tmut/Erth      28%        N/A       1%          2
 Foxfire                  Conj/Fire      72%        2x1d7     3%          1
 Petrify                  Tmut/Erth      34%        N/A       6%          4
 Conjure Flame            Conj/Fire      18%        6-21      10%         3
 Summon Small Mammal      Summ           20%        N/A       11%         1
 Mephitic Cloud           Conj/Pois/Air  13%        N/A       14%         3
 Call Imp                 Summ           5%         N/A       16%         2
 Call Canine Familiar     Summ           5%         N/A       30%         3
 Gell's Gravitas          Tloc           5%         N/A       30%         3
 Inner Flame              Hex/Fire       5%         N/A       30%         3
 Lesser Beckoning         Tloc           5%         N/A       30%         3
 Summon Guardian Golem    Hex/Summ       5%         N/A       30%         3
 Teleport Other           Tloc           5%         N/A       30%         3
 Flame Wave               Conj/Fire      18%        2d6       30%         4
 Animate Dead             Necr           2%         N/A       71%         4
 Cause Fear               Hex            2%         N/A       71%         4
 Haunt                    Necr/Summ      2%         N/A       100%        7
 Discord                  Hex            2%         N/A       100%        8
 Infestation              Necr           2%         N/A       100%        8


Dungeon Overview and Level Annotations

Branches:
Dungeon (9/15)             Temple (1/1) D:5          Bailey (visited)
   Lair: D:8-11         Orc: D:9-12

Altars:
Ashenzari
Cheibriados
Dithmenos
Elyvilon
Fedhas
Gozag
Hepliaklqana
Kikubaaqudgha
Makhleb
Nemelex Xobeh
Okawaru
Qazlal
Ru
Sif Muna
Trog
Uskayaw
Vehumet
Wu Jian
Xom
Yredelemnul
Zin
The Shining One

Shops:
D:1 (   D:3 [

Annotations:
D:6 3 runed translucent doors, browni3141's ghost, novice HODe


Innate Abilities, Weirdness & Mutations

You are immune to sickness and miasma.
Your stone body is resilient. (AC +7)
You are immune to poison.
You resist negative energy. (rN+)
You are resistant to electric shocks. (rElec)
You are resistant to unholy torment.
You are immune to petrification.


Message History

Confirm with . or Enter, or press ? or * to list all spells.
Aiming: Stone Arrow (safe; 1% risk of failure)
Press: ? - help, Shift-Dir - straight line, f/p - yak
Aim: a yak (almost dead, 85% to hit)
The stone arrow misses the yak.
The yak misses you. The yak closely misses you.
Casting: Stone Arrow (safe; 1% risk of failure)
Confirm with . or Enter, or press ? or * to list all spells.
You don't have enough magic to cast this spell.
Unknown command.
You slash the yak!
You feel better.
You kill the yak!
Vehumet accepts your kill.
The yak snorts and paws the ground.
The yak gores you but does no damage. The yak closely misses you.
You hit the yak.
The yak is poisoned.
The yak is lightly wounded.
The yak gores you but does no damage.
You hit the yak.
The yak is moderately wounded.
The yak gores you!
* * * LOW HITPOINT WARNING * * *
The yak gores you but does no damage.
You hit the yak. You burn the yak.
The yak is heavily wounded.
The yak gores you!
* * * LOW HITPOINT WARNING * * *
The yak gores you but does no damage.
Casting: Stone Arrow (safe; 1% risk of failure)
Confirm with . or Enter, or press ? or * to list all spells.
Aiming: Sandblast (safe; 1% risk of failure)
Press: ? - help, Shift-Dir - straight line, f - yak
Aim: a yak (severely wounded, very poisoned, 90% to hit)
Okay, then.
Casting: Sandblast (safe; 1% risk of failure)
Confirm with . or Enter, or press ? or * to list all spells.
Aiming: Stone Arrow (safe; 1% risk of failure)
Press: ? - help, Shift-Dir - straight line, f - yak
Aim: a yak (severely wounded, very poisoned, 85% to hit)
The stone arrow misses the yak.
The yak gores you!
You die...

...#...######................#
...#.................##......#
...#.................#########
...#................##
...#.....#########..#
#..'...†.#.......'..#
#..#)....#.......#..#
#..#.....#.......#..#
#..#.....###...†@#..#####
#..#.......#....Y#......#
#..#.......#.....#......#
...##......#.....#....†.# ...
#......#.....#........
#......####+##.........#
#####........ <.........#
))).)........ ...........#
#....######## ............#


You could see a yak (very poisoned).

Vanquished Creatures
  5 yaks (D:9)
  Eustachio (D:4)
  A steam dragon (D:8)
  Menkaure (D:4)
  2 ice beasts
  5 orc warriors
  2 black bears
  A sky beast (D:7)
  A centaur (D:8)
  An ogre (D:6)
  2 phantoms (D:5)
  2 kobold brigands (D:9)
  A bullfrog (D:7)
  3 wights (D:8)
  6 killer bees (D:9)
  A howler monkey (D:6)
  3 centaur zombies
  6 hounds
  A centaur skeleton (D:5)
  5 orc priests
  3 iguanas
  7 orc wizards
  A hound zombie (D:5)
  A hound skeleton (D:4)
  3 adders
  A white imp (D:6)
  2 worms
  A dart slug (D:4)
  44 orcs
  4 ball pythons
  4 endoplasms
  A giant cockroach (D:1)
  9 goblins
  6 hobgoblins
  6 jackals
  15 kobolds
  A quokka (D:1)
  A bat (D:1)
  9 frilled lizards
  7 rats
176 creatures vanquished.

Notes
Turn   | Place    | Note
-------+----------+-------------------------------------------
     0 | D:1      | crazypyro the Gargoyle Earth Elementalist began the quest
                  | for the Orb.
     0 | D:1      | Reached XP level 1. HP: 10/10 MP: 3/3
    23 | D:1      | Found a faded altar of an unknown god.
    32 | D:1      | Learned a level 1 spell: Magic Dart
   104 | D:1      | Reached skill level 1 in Transmutations
   181 | D:1      | Reached XP level 2. HP: 15/15 MP: 0/5
   574 | D:1      | Reached skill level 1 in Conjurations
   678 | D:1      | Reached skill level 4 in Earth Magic
   703 | D:1      | Found Peyhot's Weapon Boutique.
   796 | D:1      | Reached XP level 3. HP: 19/19 MP: 6/6
  1837 | D:3      | Found Hoj Acei's Armour Emporium.
  2068 | D:3      | Reached XP level 4. HP: 11/24 MP: 5/8
  2430 | D:3      | Learned a level 3 spell: Stone Arrow
  2632 | D:3      | Identified the +11 great sword of Beyond {chaos, Dex+4}
  2887 | D:4      | Noticed a black bear
  2900 | D:4      | Killed a black bear
  2901 | D:4      | Reached skill level 1 in Fighting
  2901 | D:4      | Reached XP level 5. HP: 12/29 MP: 1/9
  2903 | D:4      | Reached skill level 1 in Long Blades
  2903 | D:4      | Reached skill level 5 in Earth Magic
  2906 | D:4      | Reached XP level 6. HP: 11/34 MP: 2/10
  3660 | D:4      | Noticed Eustachio
  3688 | D:4      | Noticed Menkaure
  3697 | D:4      | Killed Menkaure
  3698 | D:4      | Reached XP level 7. HP: 14/40 MP: 4/12
  3921 | D:4      | Killed Eustachio
  4504 | D:5      | Entered Level 5 of the Dungeon
  4604 | D:5      | Found a staircase to the Ecumenical Temple.
  4621 | Temple   | Entered the Ecumenical Temple
  4877 | Temple   | Became a worshipper of Vehumet
  5323 | D:5      | Reached skill level 6 in Earth Magic
  5323 | D:5      | Reached XP level 8. HP: 46/46 MP: 7/14
  6324 | D:6      | Found a runed translucent gate.
  6325 | D:6      | Found a runed translucent gate.
  6326 | D:6      | Found a runed translucent gate.
  6333 | D:6      | Noticed browni3141's ghost (novice HODe)
  7185 | D:7      | Found a flagged portal.
  7342 | Bailey   | Entered a bailey
  7507 | Bailey   | Reached skill level 5 in Conjurations
  7761 | Bailey   | Noticed an orc knight
  7787 | Bailey   | Reached skill level 1 in Armour
  7787 | Bailey   | Reached XP level 9. HP: 52/52 MP: 6/16
  7790 | Bailey   | Reached skill level 7 in Earth Magic
  7838 | Bailey   | Reached skill level 12 in Earth Magic
  7838 | Bailey   | Reached XP level 10. HP: 15/56 MP: 2/17
  8213 | D:7      | Reached * piety under Vehumet
  8213 | D:7      | Offered knowledge of Freeze by Vehumet.
  8408 | D:7      | Reached skill level 5 in Spellcasting
  9497 | D:8      | Found a sparkling altar of Nemelex Xobeh.
 10360 | D:9      | Reached ** piety under Vehumet
 10380 | D:9      | Offered knowledge of Static Discharge by Vehumet.
 10807 | D:9      | Slain by a yak

Illustrated notes

Levels and vault maps discovered:
D:1:      psy_arrival_dodecagon, layout_rooms,
          hellmonk_ecumenical_altar_heavens_door, serial_shops, shop,
          minmay_close_crescents
D:2:      layout_basic, dk_vineyard_2
D:3:      layout_basic, serial_shops, nicolae_shop_window_shopping
D:4:      layout_basic, uniq_menkaure, uniq_eustachio
D:5:      layout_layer_cave, minmay_temple_entry_trees
D:6:      cheibrodos_quashed, layout_rooms, gammafunk_ghost_split
D:7:      layout_rooms, enter_bailey_5, serial_rivers,
          chequers_serial_rivers_small_3, chequers_serial_rivers_large_a,
          chequers_serial_rivers_small_3, chequers_serial_rivers_micro_b,
          kennysheep_donut, minmay_curled_crystal
D:8:      layout_gridville, mainiacjoe_overflow_small_starburst
D:9:      layout_irregular_city, minmay_orc_entry_guard_dogs, solitary_fountain
Temple:   mainiacjoe_temple_starburst

Skill      XL: |  1  2  3  4  5  6  7  8  9 10 |
---------------+-------------------------------+-----
Transmutations | 1 |  1.1
Conjurations   | 1 2 3 4 5 |  5.8
Earth Magic    | 4 5 6 12 | 12.4
Fighting       | 1 2 3 4 |  4.0
Spellcasting   | 3 4 5 |  5.4
Long Blades    | 1 2 3 4 |  4.3
Dodging        | 2 3 6 |  6.4
Armour         | 1 6 7 |  7.1
Stealth        | |  2.2

Action                   |  1- 3 |  4- 6 |  7- 9 | 10-12 || total
-------------------------+-------+-------+-------+-------++-------
Melee: Unarmed           |     2 |       |       |       ||     2
       Whip              |    20 |       |       |       ||    20
       Hand axe          |    13 |     3 |       |       ||    16
       Great sword       |       |    30 |    33 |    32 ||    95
 Cast: Sandblast         |    39 |       |       |       ||    39
       Magic Dart        |    25 |    26 |     1 |     2 ||    54
       Stone Arrow       |       |    11 |    72 |    64 ||   147
  Use: Scroll            |       |       |    10 |     5 ||    15
       Potion            |       |       |     2 |     2 ||     4
 Stab: Sleeping          |     1 |     3 |       |       ||     4
       Distracted        |       |     1 |       |       ||     1
Armor: Robe              |    21 |    16 |    28 |    24 ||    89
Dodge: Dodged            |    38 |    47 |    55 |    49 ||   189
